 Dungeon Crawl Stone Soup version 0.31-a0-246-g8cbcc1cb85 (webtiles) character file.

Game seed: 2600897638660905010

168 Dittersdorf the Trooper (level 5, 0/34 HPs)
             Began as a Gargoyle Fighter on July 12, 2023.
             Killed from afar by Robin (5 damage)
             ... with a puff of flame
             ... on level 4 of the Dungeon.
             The game lasted 00:05:02 (2892 turns).

Dittersdorf the Trooper (Gargoyle Fighter)          Turns: 2892, Time: 00:05:03

Health: 0/34       AC: 15    Str: 21    XL:     5   Next: 48%
Magic:  5/5        EV:  8    Int:  9    God:
Gold:   190        SH:  5    Dex: 15    Spells: 4/4 levels left

rFire   . . .        a - +0 flail
rCold   . . .        c - +0 buckler
rNeg    + . .        q - +0 chain mail
rPois   ∞            (no helmet)
rElec   +            (no cloak)
rCorr   .            b - +0 pair of gloves
SInv    .            s - +0 pair of boots
Will    .....        t - amulet of faith Stlth
                     n - +6 ring of dexterity
HPRegen 0.25/turn    (no ring)
MPRegen 0.09/turn

%: faith
@: no status effects
A: sickness immunity, AC +4, negative energy resistance 1, electricity
resistance, torment resistance 1, petrification resistance
a: no special abilities


You were on level 4 of the Dungeon.
You visited 1 branch of the dungeon, and saw 4 of its levels.

You collected 190 gold pieces.

Inventory:

Hand Weapons
 a - a +0 flail (weapon)
Missiles
 p - 4 poisoned darts
Armour
 b - a +0 pair of gloves (worn)
 c - a +0 buckler (worn)
 q - a +0 chain mail (worn)
 s - a +0 pair of boots (worn)
Jewellery
 n - a +6 ring of dexterity (left hand)
 t - an amulet of faith (around neck)
Scrolls
 e - a scroll of fear
 f - a scroll of teleportation {unknown}
 g - a scroll of poison {unknown}
 k - a scroll of blinking
 l - a scroll of immolation {unknown}
 m - a scroll of vulnerability {unknown}
Potions
 d - a potion of might
 i - 3 potions of lignification {unknown}
 j - 2 potions of curing
 o - a potion of ambrosia
 v - a potion of haste
 w - a potion of berserk rage


   Skills:
 + Level 4.3 Fighting
 + Level 3.1 Maces & Flails
 + Level 4.3 Armour
 + Level 4.3 Shields


You had 4 spell levels left.
You didn't know any spells.
Your spell library contained the following spells:

 Spells                   Type           Power      Damage    Failure   Level
 Lesser Beckoning         Tloc           0%         N/A       99%         2
 Gell's Gravitas          Tloc           0%         N/A       100%        3
 Teleport Other           Tloc           0%         N/A       100%        3
 Vhi's Electric Charge    Tloc/Air       0%         N/A       100%        3
 Arcjolt                  Conj/Air       0%         1d10      100%        5
 Plasma Beam              Fire/Air       0%         2x1d10    100%        6


Dungeon Overview and Level Annotations

Branches:
Dungeon (4/15)
 Temple: D:4-7

Altars:
Wu Jian

Shops:
D:2 (   D:3 :

Annotations:
D:4 Robin


Innate Abilities, Weirdness & Mutations

You are immune to sickness and miasma.
Your stone body is resilient. (AC +4)
You are immune to poison.
You resist negative energy. (rN+)
You are resistant to electric shocks. (rElec)
You are resistant to unholy torment.
You are immune to petrification.


Message History

The goblin attacks as you move away! The goblin hits you but does no damage.
Things that are here:
a +0 dagger; a goblin corpse The goblin attacks as you move away!
The goblin closely misses you.
You see here a dart slug corpse.
The goblin attacks as you move away! The goblin hits you but does no damage.
You see here a jackal corpse.
You barely miss the goblin. You block the goblin's attack.
Robin roars a battlecry!
You hit the goblin.
You kill the goblin!
The iguana bites you.
Robin says, "Bow before me, strongest of all the hobgoblins!"
You closely miss the iguana. The iguana barely misses you.
You hit the iguana.
The iguana is lightly wounded.
The iguana bites you.
You sock the iguana!
The iguana is severely wounded.
The iguana bites you. You block the iguana's attack.
You thump the iguana!
You kill the iguana!
The hobgoblin no longer looks unusually strong. x2
Robin zaps a wand.
The puff of flame hits you!
* * * LOW HITPOINT WARNING * * *
Robin zaps a wand.
The puff of flame hits you.
* * * LOW HITPOINT WARNING * * *
Things that are here:
a +0 dagger; a goblin corpse; a dart slug corpse You sock Robin!
Robin is almost dead.
Robin drinks a potion.
Robin is healed!
You hit Robin but do no damage.
Robin is moderately wounded.
The hobgoblin no longer looks unusually strong.
Robin hits you but does no damage.
You sock Robin!
Robin is almost dead.
Robin zaps a wand.
The puff of flame hits you.
You die...

####........#
..........#
############)#.#
#..........#)#.#
#####............#g#<#
.......Sg.........g.....
######gg...ggg..#.#....
#g##########.# ## #@# ..
#†# .. #.# .. #.# ###
#######.######
.............#
########.....###
................
########.....###


You could see Robin, an adder, 2 hobgoblins and a goblin (strong).

Vanquished Creatures
  An iguana (D:4)
  4 adders
  A worm (D:3)
  2 dart slugs
  An orc (D:3)
  5 ball pythons
  4 endoplasms
  3 giant cockroaches
  15 goblins
  12 hobgoblins
  11 jackals
  8 kobolds
  2 quokkas (D:2)
  8 bats
  2 frilled lizards (D:1)
  5 rats
84 creatures vanquished.

Notes
Turn   | Place    | Note
-------+----------+-------------------------------------------
     0 | D:1      | Dittersdorf the Gargoyle Fighter began the quest for the
                  | Orb.
     0 | D:1      | Reached XP level 1. HP: 14/14 MP: 1/1
   120 | D:1      | Reached XP level 2. HP: 15/19 MP: 2/2
   455 | D:1      | Reached XP level 3. HP: 23/23 MP: 3/3
   810 | D:2      | Found Ileij's Antique Weapon Shop.
  1151 | D:2      | Found an ornate altar of the Wu Jian Council.
  1886 | D:3      | Reached XP level 4. HP: 29/29 MP: 4/4
  1978 | D:3      | Found Bosuuvyo's Book Emporium.
  2837 | D:4      | Reached XP level 5. HP: 33/33 MP: 5/5
  2861 | D:4      | Noticed Robin
  2892 | D:4      | Killed from afar by Robin

Illustrated notes

Levels and vault maps discovered:
D:1:      dpeg_arrival_houses_and_road, layout_loops_ring
D:2:      layout_basic, serial_shops, shop, basic_altar,
          minmay_misc_feat_hallway
D:3:      layout_loops_corners, serial_shops, shop_coins,
          minmay_goblin_kobold_house
D:4:      layout_basic, uniq_robin, uniq_blork_the_orc, uniq_menkaure

Skill      XL: |  1  2  3  4  5 |
---------------+----------------+-----
Armour         | 4 |  4.3
Fighting       | 4 |  4.3
Shields        | 4 |  4.3
Maces & Flails | 3 |  3.1

Action                     |  1- 3 |  4- 6 || total
---------------------------+-------+-------++-------
  Melee: Flail             |   155 |   118 ||   273
    Use: Scroll            |       |     7 ||     7
 Armour: Scale mail        |   105 |       ||   105
         Chain mail        |     4 |    66 ||    70
  Dodge: Dodged            |    91 |    50 ||   141
  Block: Buckler           |    41 |    33 ||    74

Table legend: (Time is in decaauts)
 A = Elapsed time spent in this place.
 B = Non-inter-level travel time spent in this place.
 C = Inter-level travel time spent in this place.
 D = Time resting spent in this place.
 E = Time spent auto-exploring this place.
 F = Levels seen in this place.
 G = Mean time per level.
                   A        B        C        D        E       F      G
               +--------+--------+--------+--------+--------+-----+--------+
         Total |   2973 |   2805 |    168 |      0 |   2138 |   4 |  743.2 |
       Dungeon |   2973 |   2805 |    168 |      0 |   2138 |   4 |  743.2 |
               +--------+--------+--------+--------+--------+-----+--------+

Top non-repeatable levels by time:
     D:3: 1063 daAuts
     D:2: 965 daAuts
     D:1: 811 daAuts
     D:4: 133 daAuts
